Workbook

Sheet 展示圖
B1: Financial Performance

Sheet 報表
A1: FINANCIAL REPORT
A2: Year | B2: 2026 | C2: 2026 | D2: 2026 | E2: 2026 | F2: 2026 | G2: 2026 | H2: 2026 | I2: 2026 | J2: 2026 | K2: 2026 | L2: 2026 | M2: 2026
A3: Month | B3: January | C3: February | D3: March | E3: April | F3: May | G3: June | H3: July | I3: August | J3: September | K3: October | L3: November | M3: December | N3: Total
B4: HK$ | C4: HK$ | D4: HK$ | E4: HK$ | F4: HK$ | G4: HK$ | H4: HK$ | I4: HK$ | J4: HK$ | K4: HK$ | L4: HK$ | M4: HK$ | N4: HK$
A5: Income
A6: Income - Salary | B6: =SUMIFS(輸入交易記錄!$G$2:$G$99805,輸入交易記錄!$D$2:$D$99805,報表!$A6,輸入交易記錄!$B$2:$B$99805,報表!B$3,輸入交易記錄!$A$2:$A$99805,報表!B$2) -> 75000 | C6: =SUMIFS(輸入交易記錄!$G$2:$G$99805,輸入交易記錄!$D$2:$D$99805,報表!$A6,輸入交易記錄!$B$2:$B$99805,報表!C$3,輸入交易記錄!$A$2:$A$99805,報表!C$2) -> 121998.73 | D6: =SUMIFS(輸入交易記錄!$G$2:$G$99805,輸入交易記錄!$D$2:$D$99805,報表!$A6,輸入交易記錄!$B$2:$B$99805,報表!D$3,輸入交易記錄!$A$2:$A$99805,報表!D$2) -> 0 | E6: =SUMIFS(輸入交易記錄!$G$2:$G$99805,輸入交易記錄!$D$2:$D$99805,報表!$A6,輸入交易記錄!$B$2:$B$99805,報表!E$3,輸入交易記錄!$A$2:$A$99805,報表!E$2) -> 0 | F6: =SUMIFS(輸入交易記錄!$G$2:$G$99805,輸入交易記錄!$D$2:$D$99805,報表!$A6,輸入交易記錄!$B$2:$B$99805,報表!F$3,輸入交易記錄!$A$2:$A$99805,報表!F$2) -> 66703.13 | G6: =SUMIFS(輸入交易記錄!$G$2:$G$99805,輸入交易記錄!$D$2:$D$99805,報表!$A6,輸入交易記錄!$B$2:$B$99805,報表!G$3,輸入交易記錄!$A$2:$A$99805,報表!G$2) -> 51864.89 | H6: =SUMIFS(輸入交易記錄!$G$2:$G$99805,輸入交易記錄!$D$2:$D$99805,報表!$A6,輸入交易記錄!$B$2:$B$99805,報表!H$3,輸入交易記錄!$A$2:$A$99805,報表!H$2) -> 0 | I6: =SUMIFS(輸入交易記錄!$G$2:$G$99805,輸入交易記錄!$D$2:$D$99805,報表!$A6,輸入交易記錄!$B$2:$B$99805,報表!I$3,輸入交易記錄!$A$2:$A$99805,報表!I$2) -> 97142.55 | ... M6: =SUMIFS(輸入交易記錄!$G$2:$G$99805,輸入交易記錄!$D$2:$D$99805,報表!$A6,輸入交易記錄!$B$2:$B$99805,報表!M$3,輸入交易記錄!$A$2:$A$99805,報表!M$2) -> 28632.46 | N6: =SUM(B6:M6) -> 564174.78
A7: Income - Dividend | B7: =SUMIFS(輸入交易記錄!$G$2:$G$99805,輸入交易記錄!$D$2:$D$99805,報表!$A7,輸入交易記錄!$B$2:$B$99805,報表!B$3,輸入交易記錄!$A$2:$A$99805,報表!B$2) -> 0 | C7: =SUMIFS(輸入交易記錄!$G$2:$G$99805,輸入交易記錄!$D$2:$D$99805,報表!$A7,輸入交易記錄!$B$2:$B$99805,報表!C$3,輸入交易記錄!$A$2:$A$99805,報表!C$2) -> 0 | D7: =SUMIFS(輸入交易記錄!$G$2:$G$99805,輸入交易記錄!$D$2:$D$99805,報表!$A7,輸入交易記錄!$B$2:$B$99805,報表!D$3,輸入交易記錄!$A$2:$A$99805,報表!D$2) -> 0 | E7: =SUMIFS(輸入交易記錄!$G$2:$G$99805,輸入交易記錄!$D$2:$D$99805,報表!$A7,輸入交易記錄!$B$2:$B$99805,報表!E$3,輸入交易記錄!$A$2:$A$99805,報表!E$2) -> 0 | F7: =SUMIFS(輸入交易記錄!$G$2:$G$99805,輸入交易記錄!$D$2:$D$99805,報表!$A7,輸入交易記錄!$B$2:$B$99805,報表!F$3,輸入交易記錄!$A$2:$A$99805,報表!F$2) -> 0 | G7: =SUMIFS(輸入交易記錄!$G$2:$G$99805,輸入交易記錄!$D$2:$D$99805,報表!$A7,輸入交易記錄!$B$2:$B$99805,報表!G$3,輸入交易記錄!$A$2:$A$99805,報表!G$2) -> 0 | H7: =SUMIFS(輸入交易記錄!$G$2:$G$99805,輸入交易記錄!$D$2:$D$99805,報表!$A7,輸入交易記錄!$B$2:$B$99805,報表!H$3,輸入交易記錄!$A$2:$A$99805,報表!H$2) -> 0 | I7: =SUMIFS(輸入交易記錄!$G$2:$G$99805,輸入交易記錄!$D$2:$D$99805,報表!$A7,輸入交易記錄!$B$2:$B$99805,報表!I$3,輸入交易記錄!$A$2:$A$99805,報表!I$2) -> 0 | ... M7: =SUMIFS(輸入交易記錄!$G$2:$G$99805,輸入交易記錄!$D$2:$D$99805,報表!$A7,輸入交易記錄!$B$2:$B$99805,報表!M$3,輸入交易記錄!$A$2:$A$99805,報表!M$2) -> 0 | N7: =SUM(B7:M7) -> 0
A8: Income - Disposal Gain | B8: =SUMIFS(輸入交易記錄!$G$2:$G$99805,輸入交易記錄!$D$2:$D$99805,報表!$A8,輸入交易記錄!$B$2:$B$99805,報表!B$3,輸入交易記錄!$A$2:$A$99805,報表!B$2) -> 0 | C8: =SUMIFS(輸入交易記錄!$G$2:$G$99805,輸入交易記錄!$D$2:$D$99805,報表!$A8,輸入交易記錄!$B$2:$B$99805,報表!C$3,輸入交易記錄!$A$2:$A$99805,報表!C$2) -> 0 | D8: =SUMIFS(輸入交易記錄!$G$2:$G$99805,輸入交易記錄!$D$2:$D$99805,報表!$A8,輸入交易記錄!$B$2:$B$99805,報表!D$3,輸入交易記錄!$A$2:$A$99805,報表!D$2) -> 0 | E8: =SUMIFS(輸入交易記錄!$G$2:$G$99805,輸入交易記錄!$D$2:$D$99805,報表!$A8,輸入交易記錄!$B$2:$B$99805,報表!E$3,輸入交易記錄!$A$2:$A$99805,報表!E$2) -> 0 | F8: =SUMIFS(輸入交易記錄!$G$2:$G$99805,輸入交易記錄!$D$2:$D$99805,報表!$A8,輸入交易記錄!$B$2:$B$99805,報表!F$3,輸入交易記錄!$A$2:$A$99805,報表!F$2) -> 0 | G8: =SUMIFS(輸入交易記錄!$G$2:$G$99805,輸入交易記錄!$D$2:$D$99805,報表!$A8,輸入交易記錄!$B$2:$B$99805,報表!G$3,輸入交易記錄!$A$2:$A$99805,報表!G$2) -> 0 | H8: =SUMIFS(輸入交易記錄!$G$2:$G$99805,輸入交易記錄!$D$2:$D$99805,報表!$A8,輸入交易記錄!$B$2:$B$99805,報表!H$3,輸入交易記錄!$A$2:$A$99805,報表!H$2) -> 0 | I8: =SUMIFS(輸入交易記錄!$G$2:$G$99805,輸入交易記錄!$D$2:$D$99805,報表!$A8,輸入交易記錄!$B$2:$B$99805,報表!I$3,輸入交易記錄!$A$2:$A$99805,報表!I$2) -> 0 | ... M8: =SUMIFS(輸入交易記錄!$G$2:$G$99805,輸入交易記錄!$D$2:$D$99805,報表!$A8,輸入交易記錄!$B$2:$B$99805,報表!M$3,輸入交易記錄!$A$2:$A$99805,報表!M$2) -> 0 | N8: =SUM(B8:M8) -> 0
A9: Income - Interest Income | B9: =SUMIFS(輸入交易記錄!$G$2:$G$99805,輸入交易記錄!$D$2:$D$99805,報表!$A9,輸入交易記錄!$B$2:$B$99805,報表!B$3,輸入交易記錄!$A$2:$A$99805,報表!B$2) -> 13000 | C9: =SUMIFS(輸入交易記錄!$G$2:$G$99805,輸入交易記錄!$D$2:$D$99805,報表!$A9,輸入交易記錄!$B$2:$B$99805,報表!C$3,輸入交易記錄!$A$2:$A$99805,報表!C$2) -> 72824.62 | D9: =SUMIFS(輸入交易記錄!$G$2:$G$99805,輸入交易記錄!$D$2:$D$99805,報表!$A9,輸入交易記錄!$B$2:$B$99805,報表!D$3,輸入交易記錄!$A$2:$A$99805,報表!D$2) -> 106591.85 | E9: =SUMIFS(輸入交易記錄!$G$2:$G$99805,輸入交易記錄!$D$2:$D$99805,報表!$A9,輸入交易記錄!$B$2:$B$99805,報表!E$3,輸入交易記錄!$A$2:$A$99805,報表!E$2) -> 90296.29 | F9: =SUMIFS(輸入交易記錄!$G$2:$G$99805,輸入交易記錄!$D$2:$D$99805,報表!$A9,輸入交易記錄!$B$2:$B$99805,報表!F$3,輸入交易記錄!$A$2:$A$99805,報表!F$2) -> 63741.18 | G9: =SUMIFS(輸入交易記錄!$G$2:$G$99805,輸入交易記錄!$D$2:$D$99805,報表!$A9,輸入交易記錄!$B$2:$B$99805,報表!G$3,輸入交易記錄!$A$2:$A$99805,報表!G$2) -> 0 | H9: =SUMIFS(輸入交易記錄!$G$2:$G$99805,輸入交易記錄!$D$2:$D$99805,報表!$A9,輸入交易記錄!$B$2:$B$99805,報表!H$3,輸入交易記錄!$A$2:$A$99805,報表!H$2) -> 31484.55 | I9: =SUMIFS(輸入交易記錄!$G$2:$G$99805,輸入交易記錄!$D$2:$D$99805,報表!$A9,輸入交易記錄!$B$2:$B$99805,報表!I$3,輸入交易記錄!$A$2:$A$99805,報表!I$2) -> 0 | ... M9: =SUMIFS(輸入交易記錄!$G$2:$G$99805,輸入交易記錄!$D$2:$D$99805,報表!$A9,輸入交易記錄!$B$2:$B$99805,報表!M$3,輸入交易記錄!$A$2:$A$99805,報表!M$2) -> 14989.84 | N9: =SUM(B9:M9) -> 545427.98
A10: Income - Insurance Claim | B10: =SUMIFS(輸入交易記錄!$G$2:$G$99805,輸入交易記錄!$D$2:$D$99805,報表!$A10,輸入交易記錄!$B$2:$B$99805,報表!B$3,輸入交易記錄!$A$2:$A$99805,報表!B$2) -> 0 | C10: =SUMIFS(輸入交易記錄!$G$2:$G$99805,輸入交易記錄!$D$2:$D$99805,報表!$A10,輸入交易記錄!$B$2:$B$99805,報表!C$3,輸入交易記錄!$A$2:$A$99805,報表!C$2) -> 0 | D10: =SUMIFS(輸入交易記錄!$G$2:$G$99805,輸入交易記錄!$D$2:$D$99805,報表!$A10,輸入交易記錄!$B$2:$B$99805,報表!D$3,輸入交易記錄!$A$2:$A$99805,報表!D$2) -> 0 | E10: =SUMIFS(輸入交易記錄!$G$2:$G$99805,輸入交易記錄!$D$2:$D$99805,報表!$A10,輸入交易記錄!$B$2:$B$99805,報表!E$3,輸入交易記錄!$A$2:$A$99805,報表!E$2) -> 0 | F10: =SUMIFS(輸入交易記錄!$G$2:$G$99805,輸入交易記錄!$D$2:$D$99805,報表!$A10,輸入交易記錄!$B$2:$B$99805,報表!F$3,輸入交易記錄!$A$2:$A$99805,報表!F$2) -> 0 | G10: =SUMIFS(輸入交易記錄!$G$2:$G$99805,輸入交易記錄!$D$2:$D$99805,報表!$A10,輸入交易記錄!$B$2:$B$99805,報表!G$3,輸入交易記錄!$A$2:$A$99805,報表!G$2) -> 0 | H10: =SUMIFS(輸入交易記錄!$G$2:$G$99805,輸入交易記錄!$D$2:$D$99805,報表!$A10,輸入交易記錄!$B$2:$B$99805,報表!H$3,輸入交易記錄!$A$2:$A$99805,報表!H$2) -> 0 | I10: =SUMIFS(輸入交易記錄!$G$2:$G$99805,輸入交易記錄!$D$2:$D$99805,報表!$A10,輸入交易記錄!$B$2:$B$99805,報表!I$3,輸入交易記錄!$A$2:$A$99805,報表!I$2) -> 0 | ... M10: =SUMIFS(輸入交易記錄!$G$2:$G$99805,輸入交易記錄!$D$2:$D$99805,報表!$A10,輸入交易記錄!$B$2:$B$99805,報表!M$3,輸入交易記錄!$A$2:$A$99805,報表!M$2) -> 0 | N10: =SUM(B10:M10) -> 0
A11: Income - Government Grant and Subsidy | B11: =SUMIFS(輸入交易記錄!$G$2:$G$99805,輸入交易記錄!$D$2:$D$99805,報表!$A11,輸入交易記錄!$B$2:$B$99805,報表!B$3,輸入交易記錄!$A$2:$A$99805,報表!B$2) -> 0 | C11: =SUMIFS(輸入交易記錄!$G$2:$G$99805,輸入交易記錄!$D$2:$D$99805,報表!$A11,輸入交易記錄!$B$2:$B$99805,報表!C$3,輸入交易記錄!$A$2:$A$99805,報表!C$2) -> 0 | D11: =SUMIFS(輸入交易記錄!$G$2:$G$99805,輸入交易記錄!$D$2:$D$99805,報表!$A11,輸入交易記錄!$B$2:$B$99805,報表!D$3,輸入交易記錄!$A$2:$A$99805,報表!D$2) -> 0 | E11: =SUMIFS(輸入交易記錄!$G$2:$G$99805,輸入交易記錄!$D$2:$D$99805,報表!$A11,輸入交易記錄!$B$2:$B$99805,報表!E$3,輸入交易記錄!$A$2:$A$99805,報表!E$2) -> 0 | F11: =SUMIFS(輸入交易記錄!$G$2:$G$99805,輸入交易記錄!$D$2:$D$99805,報表!$A11,輸入交易記錄!$B$2:$B$99805,報表!F$3,輸入交易記錄!$A$2:$A$99805,報表!F$2) -> 0 | G11: =SUMIFS(輸入交易記錄!$G$2:$G$99805,輸入交易記錄!$D$2:$D$99805,報表!$A11,輸入交易記錄!$B$2:$B$99805,報表!G$3,輸入交易記錄!$A$2:$A$99805,報表!G$2) -> 0 | H11: =SUMIFS(輸入交易記錄!$G$2:$G$99805,輸入交易記錄!$D$2:$D$99805,報表!$A11,輸入交易記錄!$B$2:$B$99805,報表!H$3,輸入交易記錄!$A$2:$A$99805,報表!H$2) -> 0 | I11: =SUMIFS(輸入交易記錄!$G$2:$G$99805,輸入交易記錄!$D$2:$D$99805,報表!$A11,輸入交易記錄!$B$2:$B$99805,報表!I$3,輸入交易記錄!$A$2:$A$99805,報表!I$2) -> 0 | ... M11: =SUMIFS(輸入交易記錄!$G$2:$G$99805,輸入交易記錄!$D$2:$D$99805,報表!$A11,輸入交易記錄!$B$2:$B$99805,報表!M$3,輸入交易記錄!$A$2:$A$99805,報表!M$2) -> 0 | N11: =SUM(B11:M11) -> 0
A12: Income - Professional Service | B12: =SUMIFS(輸入交易記錄!$G$2:$G$99805,輸入交易記錄!$D$2:$D$99805,報表!$A12,輸入交易記錄!$B$2:$B$99805,報表!B$3,輸入交易記錄!$A$2:$A$99805,報表!B$2) -> 0 | C12: =SUMIFS(輸入交易記錄!$G$2:$G$99805,輸入交易記錄!$D$2:$D$99805,報表!$A12,輸入交易記錄!$B$2:$B$99805,報表!C$3,輸入交易記錄!$A$2:$A$99805,報表!C$2) -> 0 | D12: =SUMIFS(輸入交易記錄!$G$2:$G$99805,輸入交易記錄!$D$2:$D$99805,報表!$A12,輸入交易記錄!$B$2:$B$99805,報表!D$3,輸入交易記錄!$A$2:$A$99805,報表!D$2) -> 0 | E12: =SUMIFS(輸入交易記錄!$G$2:$G$99805,輸入交易記錄!$D$2:$D$99805,報表!$A12,輸入交易記錄!$B$2:$B$99805,報表!E$3,輸入交易記錄!$A$2:$A$99805,報表!E$2) -> 0 | F12: =SUMIFS(輸入交易記錄!$G$2:$G$99805,輸入交易記錄!$D$2:$D$99805,報表!$A12,輸入交易記錄!$B$2:$B$99805,報表!F$3,輸入交易記錄!$A$2:$A$99805,報表!F$2) -> 0 | G12: =SUMIFS(輸入交易記錄!$G$2:$G$99805,輸入交易記錄!$D$2:$D$99805,報表!$A12,輸入交易記錄!$B$2:$B$99805,報表!G$3,輸入交易記錄!$A$2:$A$99805,報表!G$2) -> 0 | H12: =SUMIFS(輸入交易記錄!$G$2:$G$99805,輸入交易記錄!$D$2:$D$99805,報表!$A12,輸入交易記錄!$B$2:$B$99805,報表!H$3,輸入交易記錄!$A$2:$A$99805,報表!H$2) -> 0 | I12: =SUMIFS(輸入交易記錄!$G$2:$G$99805,輸入交易記錄!$D$2:$D$99805,報表!$A12,輸入交易記錄!$B$2:$B$99805,報表!I$3,輸入交易記錄!$A$2:$A$99805,報表!I$2) -> 0 | ... M12: =SUMIFS(輸入交易記錄!$G$2:$G$99805,輸入交易記錄!$D$2:$D$99805,報表!$A12,輸入交易記錄!$B$2:$B$99805,報表!M$3,輸入交易記錄!$A$2:$A$99805,報表!M$2) -> 0 | N12: =SUM(B12:M12) -> 0
A13: Total Income | B13: =SUM(B6:B12) -> 88000 | C13: =SUM(C6:C12) -> 194823.35 | D13: =SUM(D6:D12) -> 106591.85 | E13: =SUM(E6:E12) -> 90296.29 | F13: =SUM(F6:F12) -> 130444.31 | G13: =SUM(G6:G12) -> 51864.89 | H13: =SUM(H6:H12) -> 31484.55 | I13: =SUM(I6:I12) -> 97142.55 | ... N13: =SUM(N6:N12) -> 1109602.8
A15: Expense
A16: Basic:
A17: Expense - Cloth | B17: =SUMIFS(輸入交易記錄!$G$2:$G$99805,輸入交易記錄!$D$2:$D$99805,報表!$A17,輸入交易記錄!$B$2:$B$99805,報表!B$3,輸入交易記錄!$A$2:$A$99805,報表!B$2) -> -1500 | C17: =SUMIFS(輸入交易記錄!$G$2:$G$99805,輸入交易記錄!$D$2:$D$99805,報表!$A17,輸入交易記錄!$B$2:$B$99805,報表!C$3,輸入交易記錄!$A$2:$A$99805,報表!C$2) -> -20334.37 | D17: =SUMIFS(輸入交易記錄!$G$2:$G$99805,輸入交易記錄!$D$2:$D$99805,報表!$A17,輸入交易記錄!$B$2:$B$99805,報表!D$3,輸入交易記錄!$A$2:$A$99805,報表!D$2) -> -9542.9 | E17: =SUMIFS(輸入交易記錄!$G$2:$G$99805,輸入交易記錄!$D$2:$D$99805,報表!$A17,輸入交易記錄!$B$2:$B$99805,報表!E$3,輸入交易記錄!$A$2:$A$99805,報表!E$2) -> -42807.41 | F17: =SUMIFS(輸入交易記錄!$G$2:$G$99805,輸入交易記錄!$D$2:$D$99805,報表!$A17,輸入交易記錄!$B$2:$B$99805,報表!F$3,輸入交易記錄!$A$2:$A$99805,報表!F$2) -> -30161.01 | G17: =SUMIFS(輸入交易記錄!$G$2:$G$99805,輸入交易記錄!$D$2:$D$99805,報表!$A17,輸入交易記錄!$B$2:$B$99805,報表!G$3,輸入交易記錄!$A$2:$A$99805,報表!G$2) -> -24055.65 | H17: =SUMIFS(輸入交易記錄!$G$2:$G$99805,輸入交易記錄!$D$2:$D$99805,報表!$A17,輸入交易記錄!$B$2:$B$99805,報表!H$3,輸入交易記錄!$A$2:$A$99805,報表!H$2) -> -6918.55 | I17: =SUMIFS(輸入交易記錄!$G$2:$G$99805,輸入交易記錄!$D$2:$D$99805,報表!$A17,輸入交易記錄!$B$2:$B$99805,報表!I$3,輸入交易記錄!$A$2:$A$99805,報表!I$2) -> -40193.83 | ... M17: =SUMIFS(輸入交易記錄!$G$2:$G$99805,輸入交易記錄!$D$2:$D$99805,報表!$A17,輸入交易記錄!$B$2:$B$99805,報表!M$3,輸入交易記錄!$A$2:$A$99805,報表!M$2) -> -31639.3 | N17: =SUM(B17:M17) -> -295427.16
A18: Expense - Food | B18: =SUMIFS(輸入交易記錄!$G$2:$G$99805,輸入交易記錄!$D$2:$D$99805,報表!$A18,輸入交易記錄!$B$2:$B$99805,報表!B$3,輸入交易記錄!$A$2:$A$99805,報表!B$2) -> -821 | C18: =SUMIFS(輸入交易記錄!$G$2:$G$99805,輸入交易記錄!$D$2:$D$99805,報表!$A18,輸入交易記錄!$B$2:$B$99805,報表!C$3,輸入交易記錄!$A$2:$A$99805,報表!C$2) -> -35576.27 | D18: =SUMIFS(輸入交易記錄!$G$2:$G$99805,輸入交易記錄!$D$2:$D$99805,報表!$A18,輸入交易記錄!$B$2:$B$99805,報表!D$3,輸入交易記錄!$A$2:$A$99805,報表!D$2) -> -49393.51 | E18: =SUMIFS(輸入交易記錄!$G$2:$G$99805,輸入交易記錄!$D$2:$D$99805,報表!$A18,輸入交易記錄!$B$2:$B$99805,報表!E$3,輸入交易記錄!$A$2:$A$99805,報表!E$2) -> -60387.49 | F18: =SUMIFS(輸入交易記錄!$G$2:$G$99805,輸入交易記錄!$D$2:$D$99805,報表!$A18,輸入交易記錄!$B$2:$B$99805,報表!F$3,輸入交易記錄!$A$2:$A$99805,報表!F$2) -> -39154.88 | G18: =SUMIFS(輸入交易記錄!$G$2:$G$99805,輸入交易記錄!$D$2:$D$99805,報表!$A18,輸入交易記錄!$B$2:$B$99805,報表!G$3,輸入交易記錄!$A$2:$A$99805,報表!G$2) -> -44295.53 | H18: =SUMIFS(輸入交易記錄!$G$2:$G$99805,輸入交易記錄!$D$2:$D$99805,報表!$A18,輸入交易記錄!$B$2:$B$99805,報表!H$3,輸入交易記錄!$A$2:$A$99805,報表!H$2) -> -48662.11 | I18: =SUMIFS(輸入交易記錄!$G$2:$G$99805,輸入交易記錄!$D$2:$D$99805,報表!$A18,輸入交易記錄!$B$2:$B$99805,報表!I$3,輸入交易記錄!$A$2:$A$99805,報表!I$2) -> -10675.3 | ... M18: =SUMIFS(輸入交易記錄!$G$2:$G$99805,輸入交易記錄!$D$2:$D$99805,報表!$A18,輸入交易記錄!$B$2:$B$99805,報表!M$3,輸入交易記錄!$A$2:$A$99805,報表!M$2) -> -6023.15 | N18: =SUM(B18:M18) -> -385154.15
A19: Expense - Housing | B19: =SUMIFS(輸入交易記錄!$G$2:$G$99805,輸入交易記錄!$D$2:$D$99805,報表!$A19,輸入交易記錄!$B$2:$B$99805,報表!B$3,輸入交易記錄!$A$2:$A$99805,報表!B$2) -> -24000 | C19: =SUMIFS(輸入交易記錄!$G$2:$G$99805,輸入交易記錄!$D$2:$D$99805,報表!$A19,輸入交易記錄!$B$2:$B$99805,報表!C$3,輸入交易記錄!$A$2:$A$99805,報表!C$2) -> -16801.92 | D19: =SUMIFS(輸入交易記錄!$G$2:$G$99805,輸入交易記錄!$D$2:$D$99805,報表!$A19,輸入交易記錄!$B$2:$B$99805,報表!D$3,輸入交易記錄!$A$2:$A$99805,報表!D$2) -> -30634.86 | E19: =SUMIFS(輸入交易記錄!$G$2:$G$99805,輸入交易記錄!$D$2:$D$99805,報表!$A19,輸入交易記錄!$B$2:$B$99805,報表!E$3,輸入交易記錄!$A$2:$A$99805,報表!E$2) -> -13284.33 | F19: =SUMIFS(輸入交易記錄!$G$2:$G$99805,輸入交易記錄!$D$2:$D$99805,報表!$A19,輸入交易記錄!$B$2:$B$99805,報表!F$3,輸入交易記錄!$A$2:$A$99805,報表!F$2) -> 0 | G19: =SUMIFS(輸入交易記錄!$G$2:$G$99805,輸入交易記錄!$D$2:$D$99805,報表!$A19,輸入交易記錄!$B$2:$B$99805,報表!G$3,輸入交易記錄!$A$2:$A$99805,報表!G$2) -> -38133.6 | H19: =SUMIFS(輸入交易記錄!$G$2:$G$99805,輸入交易記錄!$D$2:$D$99805,報表!$A19,輸入交易記錄!$B$2:$B$99805,報表!H$3,輸入交易記錄!$A$2:$A$99805,報表!H$2) -> -9234.09 | I19: =SUMIFS(輸入交易記錄!$G$2:$G$99805,輸入交易記錄!$D$2:$D$99805,報表!$A19,輸入交易記錄!$B$2:$B$99805,報表!I$3,輸入交易記錄!$A$2:$A$99805,報表!I$2) -> -77793.13 | ... M19: =SUMIFS(輸入交易記錄!$G$2:$G$99805,輸入交易記錄!$D$2:$D$99805,報表!$A19,輸入交易記錄!$B$2:$B$99805,報表!M$3,輸入交易記錄!$A$2:$A$99805,報表!M$2) -> -10931.79 | N19: =SUM(B19:M19) -> -338018.24
A20: Expense - Transportation | B20: =SUMIFS(輸入交易記錄!$G$2:$G$99805,輸入交易記錄!$D$2:$D$99805,報表!$A20,輸入交易記錄!$B$2:$B$99805,報表!B$3,輸入交易記錄!$A$2:$A$99805,報表!B$2) -> -257 | C20: =SUMIFS(輸入交易記錄!$G$2:$G$99805,輸入交易記錄!$D$2:$D$99805,報表!$A20,輸入交易記錄!$B$2:$B$99805,報表!C$3,輸入交易記錄!$A$2:$A$99805,報表!C$2) -> -26568.85 | D20: =SUMIFS(輸入交易記錄!$G$2:$G$99805,輸入交易記錄!$D$2:$D$99805,報表!$A20,輸入交易記錄!$B$2:$B$99805,報表!D$3,輸入交易記錄!$A$2:$A$99805,報表!D$2) -> -54588.48 | E20: =SUMIFS(輸入交易記錄!$G$2:$G$99805,輸入交易記錄!$D$2:$D$99805,報表!$A20,輸入交易記錄!$B$2:$B$99805,報表!E$3,輸入交易記錄!$A$2:$A$99805,報表!E$2) -> -11767.25 | F20: =SUMIFS(輸入交易記錄!$G$2:$G$99805,輸入交易記錄!$D$2:$D$99805,報表!$A20,輸入交易記錄!$B$2:$B$99805,報表!F$3,輸入交易記錄!$A$2:$A$99805,報表!F$2) -> -109309.66 | G20: =SUMIFS(輸入交易記錄!$G$2:$G$99805,輸入交易記錄!$D$2:$D$99805,報表!$A20,輸入交易記錄!$B$2:$B$99805,報表!G$3,輸入交易記錄!$A$2:$A$99805,報表!G$2) -> -18973.5 | H20: =SUMIFS(輸入交易記錄!$G$2:$G$99805,輸入交易記錄!$D$2:$D$99805,報表!$A20,輸入交易記錄!$B$2:$B$99805,報表!H$3,輸入交易記錄!$A$2:$A$99805,報表!H$2) -> -48030.66 | I20: =SUMIFS(輸入交易記錄!$G$2:$G$99805,輸入交易記錄!$D$2:$D$99805,報表!$A20,輸入交易記錄!$B$2:$B$99805,報表!I$3,輸入交易記錄!$A$2:$A$99805,報表!I$2) -> -58986.09 | ... M20: =SUMIFS(輸入交易記錄!$G$2:$G$99805,輸入交易記錄!$D$2:$D$99805,報表!$A20,輸入交易記錄!$B$2:$B$99805,報表!M$3,輸入交易記錄!$A$2:$A$99805,報表!M$2) -> -24770.94 | N20: =SUM(B20:M20) -> -454783.52
A21: Expense - Telecom | B21: =SUMIFS(輸入交易記錄!$G$2:$G$99805,輸入交易記錄!$D$2:$D$99805,報表!$A21,輸入交易記錄!$B$2:$B$99805,報表!B$3,輸入交易記錄!$A$2:$A$99805,報表!B$2) -> 0 | C21: =SUMIFS(輸入交易記錄!$G$2:$G$99805,輸入交易記錄!$D$2:$D$99805,報表!$A21,輸入交易記錄!$B$2:$B$99805,報表!C$3,輸入交易記錄!$A$2:$A$99805,報表!C$2) -> 0 | D21: =SUMIFS(輸入交易記錄!$G$2:$G$99805,輸入交易記錄!$D$2:$D$99805,報表!$A21,輸入交易記錄!$B$2:$B$99805,報表!D$3,輸入交易記錄!$A$2:$A$99805,報表!D$2) -> 0 | E21: =SUMIFS(輸入交易記錄!$G$2:$G$99805,輸入交易記錄!$D$2:$D$99805,報表!$A21,輸入交易記錄!$B$2:$B$99805,報表!E$3,輸入交易記錄!$A$2:$A$99805,報表!E$2) -> 0 | F21: =SUMIFS(輸入交易記錄!$G$2:$G$99805,輸入交易記錄!$D$2:$D$99805,報表!$A21,輸入交易記錄!$B$2:$B$99805,報表!F$3,輸入交易記錄!$A$2:$A$99805,報表!F$2) -> 0 | G21: =SUMIFS(輸入交易記錄!$G$2:$G$99805,輸入交易記錄!$D$2:$D$99805,報表!$A21,輸入交易記錄!$B$2:$B$99805,報表!G$3,輸入交易記錄!$A$2:$A$99805,報表!G$2) -> 0 | H21: =SUMIFS(輸入交易記錄!$G$2:$G$99805,輸入交易記錄!$D$2:$D$99805,報表!$A21,輸入交易記錄!$B$2:$B$99805,報表!H$3,輸入交易記錄!$A$2:$A$99805,報表!H$2) -> 0 | I21: =SUMIFS(輸入交易記錄!$G$2:$G$99805,輸入交易記錄!$D$2:$D$99805,報表!$A21,輸入交易記錄!$B$2:$B$99805,報表!I$3,輸入交易記錄!$A$2:$A$99805,報表!I$2) -> 0 | ... M21: =SUMIFS(輸入交易記錄!$G$2:$G$99805,輸入交易記錄!$D$2:$D$99805,報表!$A21,輸入交易記錄!$B$2:$B$99805,報表!M$3,輸入交易記錄!$A$2:$A$99805,報表!M$2) -> 0 | N21: =SUM(B21:M21) -> 0
B22: =SUM(B17:B21) -> -26578 | C22: =SUM(C17:C21) -> -99281.41 | D22: =SUM(D17:D21) -> -144159.75 | E22: =SUM(E17:E21) -> -128246.48 | F22: =SUM(F17:F21) -> -178625.55 | G22: =SUM(G17:G21) -> -125458.28 | H22: =SUM(H17:H21) -> -112845.41 | I22: =SUM(I17:I21) -> -187648.35 | ... N22: =SUM(N17:N21) -> -1473383.1
A24: Substain:
A25: Expense - Education | B25: =SUMIFS(輸入交易記錄!$G$2:$G$99805,輸入交易記錄!$D$2:$D$99805,報表!$A25,輸入交易記錄!$B$2:$B$99805,報表!B$3,輸入交易記錄!$A$2:$A$99805,報表!B$2) -> 0 | C25: =SUMIFS(輸入交易記錄!$G$2:$G$99805,輸入交易記錄!$D$2:$D$99805,報表!$A25,輸入交易記錄!$B$2:$B$99805,報表!C$3,輸入交易記錄!$A$2:$A$99805,報表!C$2) -> 0 | D25: =SUMIFS(輸入交易記錄!$G$2:$G$99805,輸入交易記錄!$D$2:$D$99805,報表!$A25,輸入交易記錄!$B$2:$B$99805,報表!D$3,輸入交易記錄!$A$2:$A$99805,報表!D$2) -> 0 | E25: =SUMIFS(輸入交易記錄!$G$2:$G$99805,輸入交易記錄!$D$2:$D$99805,報表!$A25,輸入交易記錄!$B$2:$B$99805,報表!E$3,輸入交易記錄!$A$2:$A$99805,報表!E$2) -> 0 | F25: =SUMIFS(輸入交易記錄!$G$2:$G$99805,輸入交易記錄!$D$2:$D$99805,報表!$A25,輸入交易記錄!$B$2:$B$99805,報表!F$3,輸入交易記錄!$A$2:$A$99805,報表!F$2) -> 0 | G25: =SUMIFS(輸入交易記錄!$G$2:$G$99805,輸入交易記錄!$D$2:$D$99805,報表!$A25,輸入交易記錄!$B$2:$B$99805,報表!G$3,輸入交易記錄!$A$2:$A$99805,報表!G$2) -> 0 | H25: =SUMIFS(輸入交易記錄!$G$2:$G$99805,輸入交易記錄!$D$2:$D$99805,報表!$A25,輸入交易記錄!$B$2:$B$99805,報表!H$3,輸入交易記錄!$A$2:$A$99805,報表!H$2) -> 0 | I25: =SUMIFS(輸入交易記錄!$G$2:$G$99805,輸入交易記錄!$D$2:$D$99805,報表!$A25,輸入交易記錄!$B$2:$B$99805,報表!I$3,輸入交易記錄!$A$2:$A$99805,報表!I$2) -> 0 | ... M25: =SUMIFS(輸入交易記錄!$G$2:$G$99805,輸入交易記錄!$D$2:$D$99805,報表!$A25,輸入交易記錄!$B$2:$B$99805,報表!M$3,輸入交易記錄!$A$2:$A$99805,報表!M$2) -> 0 | N25: =SUM(B25:M25) -> 0
A26: Expense - Entertainment | B26: =SUMIFS(輸入交易記錄!$G$2:$G$99805,輸入交易記錄!$D$2:$D$99805,報表!$A26,輸入交易記錄!$B$2:$B$99805,報表!B$3,輸入交易記錄!$A$2:$A$99805,報表!B$2) -> -100 | C26: =SUMIFS(輸入交易記錄!$G$2:$G$99805,輸入交易記錄!$D$2:$D$99805,報表!$A26,輸入交易記錄!$B$2:$B$99805,報表!C$3,輸入交易記錄!$A$2:$A$99805,報表!C$2) -> -5621.56 | D26: =SUMIFS(輸入交易記錄!$G$2:$G$99805,輸入交易記錄!$D$2:$D$99805,報表!$A26,輸入交易記錄!$B$2:$B$99805,報表!D$3,輸入交易記錄!$A$2:$A$99805,報表!D$2) -> -56482.7 | E26: =SUMIFS(輸入交易記錄!$G$2:$G$99805,輸入交易記錄!$D$2:$D$99805,報表!$A26,輸入交易記錄!$B$2:$B$99805,報表!E$3,輸入交易記錄!$A$2:$A$99805,報表!E$2) -> -36515.1 | F26: =SUMIFS(輸入交易記錄!$G$2:$G$99805,輸入交易記錄!$D$2:$D$99805,報表!$A26,輸入交易記錄!$B$2:$B$99805,報表!F$3,輸入交易記錄!$A$2:$A$99805,報表!F$2) -> -77073.11 | G26: =SUMIFS(輸入交易記錄!$G$2:$G$99805,輸入交易記錄!$D$2:$D$99805,報表!$A26,輸入交易記錄!$B$2:$B$99805,報表!G$3,輸入交易記錄!$A$2:$A$99805,報表!G$2) -> -35489.98 | H26: =SUMIFS(輸入交易記錄!$G$2:$G$99805,輸入交易記錄!$D$2:$D$99805,報表!$A26,輸入交易記錄!$B$2:$B$99805,報表!H$3,輸入交易記錄!$A$2:$A$99805,報表!H$2) -> -31579.43 | I26: =SUMIFS(輸入交易記錄!$G$2:$G$99805,輸入交易記錄!$D$2:$D$99805,報表!$A26,輸入交易記錄!$B$2:$B$99805,報表!I$3,輸入交易記錄!$A$2:$A$99805,報表!I$2) -> -4048.28 | ... M26: =SUMIFS(輸入交易記錄!$G$2:$G$99805,輸入交易記錄!$D$2:$D$99805,報表!$A26,輸入交易記錄!$B$2:$B$99805,報表!M$3,輸入交易記錄!$A$2:$A$99805,報表!M$2) -> -11912.59 | N26: =SUM(B26:M26) -> -392151.48
A27: Expense - Repair & Maintenance | B27: =SUMIFS(輸入交易記錄!$G$2:$G$99805,輸入交易記錄!$D$2:$D$99805,報表!$A27,輸入交易記錄!$B$2:$B$99805,報表!B$3,輸入交易記錄!$A$2:$A$99805,報表!B$2) -> -5000 | C27: =SUMIFS(輸入交易記錄!$G$2:$G$99805,輸入交易記錄!$D$2:$D$99805,報表!$A27,輸入交易記錄!$B$2:$B$99805,報表!C$3,輸入交易記錄!$A$2:$A$99805,報表!C$2) -> -5006.93 | D27: =SUMIFS(輸入交易記錄!$G$2:$G$99805,輸入交易記錄!$D$2:$D$99805,報表!$A27,輸入交易記錄!$B$2:$B$99805,報表!D$3,輸入交易記錄!$A$2:$A$99805,報表!D$2) -> -30131.93 | E27: =SUMIFS(輸入交易記錄!$G$2:$G$99805,輸入交易記錄!$D$2:$D$99805,報表!$A27,輸入交易記錄!$B$2:$B$99805,報表!E$3,輸入交易記錄!$A$2:$A$99805,報表!E$2) -> -73140.27 | F27: =SUMIFS(輸入交易記錄!$G$2:$G$99805,輸入交易記錄!$D$2:$D$99805,報表!$A27,輸入交易記錄!$B$2:$B$99805,報表!F$3,輸入交易記錄!$A$2:$A$99805,報表!F$2) -> -107209.14 | G27: =SUMIFS(輸入交易記錄!$G$2:$G$99805,輸入交易記錄!$D$2:$D$99805,報表!$A27,輸入交易記錄!$B$2:$B$99805,報表!G$3,輸入交易記錄!$A$2:$A$99805,報表!G$2) -> 0 | H27: =SUMIFS(輸入交易記錄!$G$2:$G$99805,輸入交易記錄!$D$2:$D$99805,報表!$A27,輸入交易記錄!$B$2:$B$99805,報表!H$3,輸入交易記錄!$A$2:$A$99805,報表!H$2) -> -39343.62 | I27: =SUMIFS(輸入交易記錄!$G$2:$G$99805,輸入交易記錄!$D$2:$D$99805,報表!$A27,輸入交易記錄!$B$2:$B$99805,報表!I$3,輸入交易記錄!$A$2:$A$99805,報表!I$2) -> -7803.91 | ... M27: =SUMIFS(輸入交易記錄!$G$2:$G$99805,輸入交易記錄!$D$2:$D$99805,報表!$A27,輸入交易記錄!$B$2:$B$99805,報表!M$3,輸入交易記錄!$A$2:$A$99805,報表!M$2) -> -61077.38 | N27: =SUM(B27:M27) -> -368815.08
A28: Expense - Insurance | B28: =SUMIFS(輸入交易記錄!$G$2:$G$99805,輸入交易記錄!$D$2:$D$99805,報表!$A28,輸入交易記錄!$B$2:$B$99805,報表!B$3,輸入交易記錄!$A$2:$A$99805,報表!B$2) -> 0 | C28: =SUMIFS(輸入交易記錄!$G$2:$G$99805,輸入交易記錄!$D$2:$D$99805,報表!$A28,輸入交易記錄!$B$2:$B$99805,報表!C$3,輸入交易記錄!$A$2:$A$99805,報表!C$2) -> 0 | D28: =SUMIFS(輸入交易記錄!$G$2:$G$99805,輸入交易記錄!$D$2:$D$99805,報表!$A28,輸入交易記錄!$B$2:$B$99805,報表!D$3,輸入交易記錄!$A$2:$A$99805,報表!D$2) -> 0 | E28: =SUMIFS(輸入交易記錄!$G$2:$G$99805,輸入交易記錄!$D$2:$D$99805,報表!$A28,輸入交易記錄!$B$2:$B$99805,報表!E$3,輸入交易記錄!$A$2:$A$99805,報表!E$2) -> 0 | F28: =SUMIFS(輸入交易記錄!$G$2:$G$99805,輸入交易記錄!$D$2:$D$99805,報表!$A28,輸入交易記錄!$B$2:$B$99805,報表!F$3,輸入交易記錄!$A$2:$A$99805,報表!F$2) -> 0 | G28: =SUMIFS(輸入交易記錄!$G$2:$G$99805,輸入交易記錄!$D$2:$D$99805,報表!$A28,輸入交易記錄!$B$2:$B$99805,報表!G$3,輸入交易記錄!$A$2:$A$99805,報表!G$2) -> 0 | H28: =SUMIFS(輸入交易記錄!$G$2:$G$99805,輸入交易記錄!$D$2:$D$99805,報表!$A28,輸入交易記錄!$B$2:$B$99805,報表!H$3,輸入交易記錄!$A$2:$A$99805,報表!H$2) -> 0 | I28: =SUMIFS(輸入交易記錄!$G$2:$G$99805,輸入交易記錄!$D$2:$D$99805,報表!$A28,輸入交易記錄!$B$2:$B$99805,報表!I$3,輸入交易記錄!$A$2:$A$99805,報表!I$2) -> 0 | ... M28: =SUMIFS(輸入交易記錄!$G$2:$G$99805,輸入交易記錄!$D$2:$D$99805,報表!$A28,輸入交易記錄!$B$2:$B$99805,報表!M$3,輸入交易記錄!$A$2:$A$99805,報表!M$2) -> 0 | N28: =SUM(B28:M28) -> 0
A29: Expense - Medical | B29: =SUMIFS(輸入交易記錄!$G$2:$G$99805,輸入交易記錄!$D$2:$D$99805,報表!$A29,輸入交易記錄!$B$2:$B$99805,報表!B$3,輸入交易記錄!$A$2:$A$99805,報表!B$2) -> 0 | C29: =SUMIFS(輸入交易記錄!$G$2:$G$99805,輸入交易記錄!$D$2:$D$99805,報表!$A29,輸入交易記錄!$B$2:$B$99805,報表!C$3,輸入交易記錄!$A$2:$A$99805,報表!C$2) -> 0 | D29: =SUMIFS(輸入交易記錄!$G$2:$G$99805,輸入交易記錄!$D$2:$D$99805,報表!$A29,輸入交易記錄!$B$2:$B$99805,報表!D$3,輸入交易記錄!$A$2:$A$99805,報表!D$2) -> 0 | E29: =SUMIFS(輸入交易記錄!$G$2:$G$99805,輸入交易記錄!$D$2:$D$99805,報表!$A29,輸入交易記錄!$B$2:$B$99805,報表!E$3,輸入交易記錄!$A$2:$A$99805,報表!E$2) -> 0 | F29: =SUMIFS(輸入交易記錄!$G$2:$G$99805,輸入交易記錄!$D$2:$D$99805,報表!$A29,輸入交易記錄!$B$2:$B$99805,報表!F$3,輸入交易記錄!$A$2:$A$99805,報表!F$2) -> 0 | G29: =SUMIFS(輸入交易記錄!$G$2:$G$99805,輸入交易記錄!$D$2:$D$99805,報表!$A29,輸入交易記錄!$B$2:$B$99805,報表!G$3,輸入交易記錄!$A$2:$A$99805,報表!G$2) -> 0 | H29: =SUMIFS(輸入交易記錄!$G$2:$G$99805,輸入交易記錄!$D$2:$D$99805,報表!$A29,輸入交易記錄!$B$2:$B$99805,報表!H$3,輸入交易記錄!$A$2:$A$99805,報表!H$2) -> 0 | I29: =SUMIFS(輸入交易記錄!$G$2:$G$99805,輸入交易記錄!$D$2:$D$99805,報表!$A29,輸入交易記錄!$B$2:$B$99805,報表!I$3,輸入交易記錄!$A$2:$A$99805,報表!I$2) -> 0 | ... M29: =SUMIFS(輸入交易記錄!$G$2:$G$99805,輸入交易記錄!$D$2:$D$99805,報表!$A29,輸入交易記錄!$B$2:$B$99805,報表!M$3,輸入交易記錄!$A$2:$A$99805,報表!M$2) -> 0 | N29: =SUM(B29:M29) -> 0
B30: =SUM(B25:B29) -> -5100 | C30: =SUM(C25:C29) -> -10628.49 | D30: =SUM(D25:D29) -> -86614.63 | E30: =SUM(E25:E29) -> -109655.37 | F30: =SUM(F25:F29) -> -184282.25 | G30: =SUM(G25:G29) -> -35489.98 | H30: =SUM(H25:H29) -> -70923.05 | I30: =SUM(I25:I29) -> -11852.19 | ... N30: =SUM(N25:N29) -> -760966.56
A32: Luxury:
A33: Expense - Subscription | B33: =SUMIFS(輸入交易記錄!$G$2:$G$99805,輸入交易記錄!$D$2:$D$99805,報表!$A33,輸入交易記錄!$B$2:$B$99805,報表!B$3,輸入交易記錄!$A$2:$A$99805,報表!B$2) -> 0 | C33: =SUMIFS(輸入交易記錄!$G$2:$G$99805,輸入交易記錄!$D$2:$D$99805,報表!$A33,輸入交易記錄!$B$2:$B$99805,報表!C$3,輸入交易記錄!$A$2:$A$99805,報表!C$2) -> 0 | D33: =SUMIFS(輸入交易記錄!$G$2:$G$99805,輸入交易記錄!$D$2:$D$99805,報表!$A33,輸入交易記錄!$B$2:$B$99805,報表!D$3,輸入交易記錄!$A$2:$A$99805,報表!D$2) -> 0 | E33: =SUMIFS(輸入交易記錄!$G$2:$G$99805,輸入交易記錄!$D$2:$D$99805,報表!$A33,輸入交易記錄!$B$2:$B$99805,報表!E$3,輸入交易記錄!$A$2:$A$99805,報表!E$2) -> 0 | F33: =SUMIFS(輸入交易記錄!$G$2:$G$99805,輸入交易記錄!$D$2:$D$99805,報表!$A33,輸入交易記錄!$B$2:$B$99805,報表!F$3,輸入交易記錄!$A$2:$A$99805,報表!F$2) -> 0 | G33: =SUMIFS(輸入交易記錄!$G$2:$G$99805,輸入交易記錄!$D$2:$D$99805,報表!$A33,輸入交易記錄!$B$2:$B$99805,報表!G$3,輸入交易記錄!$A$2:$A$99805,報表!G$2) -> 0 | H33: =SUMIFS(輸入交易記錄!$G$2:$G$99805,輸入交易記錄!$D$2:$D$99805,報表!$A33,輸入交易記錄!$B$2:$B$99805,報表!H$3,輸入交易記錄!$A$2:$A$99805,報表!H$2) -> 0 | I33: =SUMIFS(輸入交易記錄!$G$2:$G$99805,輸入交易記錄!$D$2:$D$99805,報表!$A33,輸入交易記錄!$B$2:$B$99805,報表!I$3,輸入交易記錄!$A$2:$A$99805,報表!I$2) -> 0 | ... M33: =SUMIFS(輸入交易記錄!$G$2:$G$99805,輸入交易記錄!$D$2:$D$99805,報表!$A33,輸入交易記錄!$B$2:$B$99805,報表!M$3,輸入交易記錄!$A$2:$A$99805,報表!M$2) -> 0 | N33: =SUM(B33:M33) -> 0
A34: Expense - Luxury | B34: =SUMIFS(輸入交易記錄!$G$2:$G$99805,輸入交易記錄!$D$2:$D$99805,報表!$A34,輸入交易記錄!$B$2:$B$99805,報表!B$3,輸入交易記錄!$A$2:$A$99805,報表!B$2) -> 0 | C34: =SUMIFS(輸入交易記錄!$G$2:$G$99805,輸入交易記錄!$D$2:$D$99805,報表!$A34,輸入交易記錄!$B$2:$B$99805,報表!C$3,輸入交易記錄!$A$2:$A$99805,報表!C$2) -> 0 | D34: =SUMIFS(輸入交易記錄!$G$2:$G$99805,輸入交易記錄!$D$2:$D$99805,報表!$A34,輸入交易記錄!$B$2:$B$99805,報表!D$3,輸入交易記錄!$A$2:$A$99805,報表!D$2) -> 0 | E34: =SUMIFS(輸入交易記錄!$G$2:$G$99805,輸入交易記錄!$D$2:$D$99805,報表!$A34,輸入交易記錄!$B$2:$B$99805,報表!E$3,輸入交易記錄!$A$2:$A$99805,報表!E$2) -> 0 | F34: =SUMIFS(輸入交易記錄!$G$2:$G$99805,輸入交易記錄!$D$2:$D$99805,報表!$A34,輸入交易記錄!$B$2:$B$99805,報表!F$3,輸入交易記錄!$A$2:$A$99805,報表!F$2) -> 0 | G34: =SUMIFS(輸入交易記錄!$G$2:$G$99805,輸入交易記錄!$D$2:$D$99805,報表!$A34,輸入交易記錄!$B$2:$B$99805,報表!G$3,輸入交易記錄!$A$2:$A$99805,報表!G$2) -> 0 | H34: =SUMIFS(輸入交易記錄!$G$2:$G$99805,輸入交易記錄!$D$2:$D$99805,報表!$A34,輸入交易記錄!$B$2:$B$99805,報表!H$3,輸入交易記錄!$A$2:$A$99805,報表!H$2) -> 0 | I34: =SUMIFS(輸入交易記錄!$G$2:$G$99805,輸入交易記錄!$D$2:$D$99805,報表!$A34,輸入交易記錄!$B$2:$B$99805,報表!I$3,輸入交易記錄!$A$2:$A$99805,報表!I$2) -> 0 | ... M34: =SUMIFS(輸入交易記錄!$G$2:$G$99805,輸入交易記錄!$D$2:$D$99805,報表!$A34,輸入交易記錄!$B$2:$B$99805,報表!M$3,輸入交易記錄!$A$2:$A$99805,報表!M$2) -> 0 | N34: =SUM(B34:M34) -> 0
A35: Expense - Beauty | B35: =SUMIFS(輸入交易記錄!$G$2:$G$99805,輸入交易記錄!$D$2:$D$99805,報表!$A103,輸入交易記錄!$B$2:$B$99805,報表!B$3,輸入交易記錄!$A$2:$A$99805,報表!B$2) -> 0 | C35: =SUMIFS(輸入交易記錄!$G$2:$G$99805,輸入交易記錄!$D$2:$D$99805,報表!$A103,輸入交易記錄!$B$2:$B$99805,報表!C$3,輸入交易記錄!$A$2:$A$99805,報表!C$2) -> 0 | D35: =SUMIFS(輸入交易記錄!$G$2:$G$99805,輸入交易記錄!$D$2:$D$99805,報表!$A103,輸入交易記錄!$B$2:$B$99805,報表!D$3,輸入交易記錄!$A$2:$A$99805,報表!D$2) -> 0 | E35: =SUMIFS(輸入交易記錄!$G$2:$G$99805,輸入交易記錄!$D$2:$D$99805,報表!$A103,輸入交易記錄!$B$2:$B$99805,報表!E$3,輸入交易記錄!$A$2:$A$99805,報表!E$2) -> 0 | F35: =SUMIFS(輸入交易記錄!$G$2:$G$99805,輸入交易記錄!$D$2:$D$99805,報表!$A103,輸入交易記錄!$B$2:$B$99805,報表!F$3,輸入交易記錄!$A$2:$A$99805,報表!F$2) -> 0 | G35: =SUMIFS(輸入交易記錄!$G$2:$G$99805,輸入交易記錄!$D$2:$D$99805,報表!$A103,輸入交易記錄!$B$2:$B$99805,報表!G$3,輸入交易記錄!$A$2:$A$99805,報表!G$2) -> 0 | H35: =SUMIFS(輸入交易記錄!$G$2:$G$99805,輸入交易記錄!$D$2:$D$99805,報表!$A103,輸入交易記錄!$B$2:$B$99805,報表!H$3,輸入交易記錄!$A$2:$A$99805,報表!H$2) -> 0 | I35: =SUMIFS(輸入交易記錄!$G$2:$G$99805,輸入交易記錄!$D$2:$D$99805,報表!$A103,輸入交易記錄!$B$2:$B$99805,報表!I$3,輸入交易記錄!$A$2:$A$99805,報表!I$2) -> 0 | ... K35: =SUMIFS(輸入交易記錄!$G$2:$G$99805,輸入交易記錄!$D$2:$D$99805,報表!$A103,輸入交易記錄!$B$2:$B$99805,報表!K$3,輸入交易記錄!$A$2:$A$99805,報表!K$2) -> 0 | L35: =SUMIFS(輸入交易記錄!$G$2:$G$99805,輸入交易記錄!$D$2:$D$99805,報表!$A35,輸入交易記錄!$B$2:$B$99805,報表!L$3,輸入交易記錄!$A$2:$A$99805,報表!L$2) -> 0 | M35: =SUMIFS(輸入交易記錄!$G$2:$G$99805,輸入交易記錄!$D$2:$D$99805,報表!$A35,輸入交易記錄!$B$2:$B$99805,報表!M$3,輸入交易記錄!$A$2:$A$99805,報表!M$2) -> 0 | N35: =SUM(B35:M35) -> 0
A36: Expense - Travel | B36: =SUMIFS(輸入交易記錄!$G$2:$G$99805,輸入交易記錄!$D$2:$D$99805,報表!$A36,輸入交易記錄!$B$2:$B$99805,報表!B$3,輸入交易記錄!$A$2:$A$99805,報表!B$2) -> 0 | C36: =SUMIFS(輸入交易記錄!$G$2:$G$99805,輸入交易記錄!$D$2:$D$99805,報表!$A36,輸入交易記錄!$B$2:$B$99805,報表!C$3,輸入交易記錄!$A$2:$A$99805,報表!C$2) -> 0 | D36: =SUMIFS(輸入交易記錄!$G$2:$G$99805,輸入交易記錄!$D$2:$D$99805,報表!$A36,輸入交易記錄!$B$2:$B$99805,報表!D$3,輸入交易記錄!$A$2:$A$99805,報表!D$2) -> 0 | E36: =SUMIFS(輸入交易記錄!$G$2:$G$99805,輸入交易記錄!$D$2:$D$99805,報表!$A36,輸入交易記錄!$B$2:$B$99805,報表!E$3,輸入交易記錄!$A$2:$A$99805,報表!E$2) -> 0 | F36: =SUMIFS(輸入交易記錄!$G$2:$G$99805,輸入交易記錄!$D$2:$D$99805,報表!$A36,輸入交易記錄!$B$2:$B$99805,報表!F$3,輸入交易記錄!$A$2:$A$99805,報表!F$2) -> 0 | G36: =SUMIFS(輸入交易記錄!$G$2:$G$99805,輸入交易記錄!$D$2:$D$99805,報表!$A36,輸入交易記錄!$B$2:$B$99805,報表!G$3,輸入交易記錄!$A$2:$A$99805,報表!G$2) -> 0 | H36: =SUMIFS(輸入交易記錄!$G$2:$G$99805,輸入交易記錄!$D$2:$D$99805,報表!$A36,輸入交易記錄!$B$2:$B$99805,報表!H$3,輸入交易記錄!$A$2:$A$99805,報表!H$2) -> 0 | I36: =SUMIFS(輸入交易記錄!$G$2:$G$99805,輸入交易記錄!$D$2:$D$99805,報表!$A36,輸入交易記錄!$B$2:$B$99805,報表!I$3,輸入交易記錄!$A$2:$A$99805,報表!I$2) -> 0 | ... M36: =SUMIFS(輸入交易記錄!$G$2:$G$99805,輸入交易記錄!$D$2:$D$99805,報表!$A36,輸入交易記錄!$B$2:$B$99805,報表!M$3,輸入交易記錄!$A$2:$A$99805,報表!M$2) -> 0 | N36: =SUM(B36:M36) -> 0
A37: Expense - Maids | B37: =SUMIFS(輸入交易記錄!$G$2:$G$99805,輸入交易記錄!$D$2:$D$99805,報表!$A37,輸入交易記錄!$B$2:$B$99805,報表!B$3,輸入交易記錄!$A$2:$A$99805,報表!B$2) -> 0 | C37: =SUMIFS(輸入交易記錄!$G$2:$G$99805,輸入交易記錄!$D$2:$D$99805,報表!$A37,輸入交易記錄!$B$2:$B$99805,報表!C$3,輸入交易記錄!$A$2:$A$99805,報表!C$2) -> 0 | D37: =SUMIFS(輸入交易記錄!$G$2:$G$99805,輸入交易記錄!$D$2:$D$99805,報表!$A37,輸入交易記錄!$B$2:$B$99805,報表!D$3,輸入交易記錄!$A$2:$A$99805,報表!D$2) -> 0 | E37: =SUMIFS(輸入交易記錄!$G$2:$G$99805,輸入交易記錄!$D$2:$D$99805,報表!$A37,輸入交易記錄!$B$2:$B$99805,報表!E$3,輸入交易記錄!$A$2:$A$99805,報表!E$2) -> 0 | F37: =SUMIFS(輸入交易記錄!$G$2:$G$99805,輸入交易記錄!$D$2:$D$99805,報表!$A37,輸入交易記錄!$B$2:$B$99805,報表!F$3,輸入交易記錄!$A$2:$A$99805,報表!F$2) -> 0 | G37: =SUMIFS(輸入交易記錄!$G$2:$G$99805,輸入交易記錄!$D$2:$D$99805,報表!$A37,輸入交易記錄!$B$2:$B$99805,報表!G$3,輸入交易記錄!$A$2:$A$99805,報表!G$2) -> 0 | H37: =SUMIFS(輸入交易記錄!$G$2:$G$99805,輸入交易記錄!$D$2:$D$99805,報表!$A37,輸入交易記錄!$B$2:$B$99805,報表!H$3,輸入交易記錄!$A$2:$A$99805,報表!H$2) -> 0 | I37: =SUMIFS(輸入交易記錄!$G$2:$G$99805,輸入交易記錄!$D$2:$D$99805,報表!$A37,輸入交易記錄!$B$2:$B$99805,報表!I$3,輸入交易記錄!$A$2:$A$99805,報表!I$2) -> 0 | ... M37: =SUMIFS(輸入交易記錄!$G$2:$G$99805,輸入交易記錄!$D$2:$D$99805,報表!$A37,輸入交易記錄!$B$2:$B$99805,報表!M$3,輸入交易記錄!$A$2:$A$99805,報表!M$2) -> 0 | N37: =SUM(B37:M37) -> 0
A38: Expense - Children Expense | B38: =SUMIFS(輸入交易記錄!$G$2:$G$99805,輸入交易記錄!$D$2:$D$99805,報表!$A38,輸入交易記錄!$B$2:$B$99805,報表!B$3,輸入交易記錄!$A$2:$A$99805,報表!B$2) -> 0 | C38: =SUMIFS(輸入交易記錄!$G$2:$G$99805,輸入交易記錄!$D$2:$D$99805,報表!$A38,輸入交易記錄!$B$2:$B$99805,報表!C$3,輸入交易記錄!$A$2:$A$99805,報表!C$2) -> 0 | D38: =SUMIFS(輸入交易記錄!$G$2:$G$99805,輸入交易記錄!$D$2:$D$99805,報表!$A38,輸入交易記錄!$B$2:$B$99805,報表!D$3,輸入交易記錄!$A$2:$A$99805,報表!D$2) -> 0 | E38: =SUMIFS(輸入交易記錄!$G$2:$G$99805,輸入交易記錄!$D$2:$D$99805,報表!$A38,輸入交易記錄!$B$2:$B$99805,報表!E$3,輸入交易記錄!$A$2:$A$99805,報表!E$2) -> 0 | F38: =SUMIFS(輸入交易記錄!$G$2:$G$99805,輸入交易記錄!$D$2:$D$99805,報表!$A38,輸入交易記錄!$B$2:$B$99805,報表!F$3,輸入交易記錄!$A$2:$A$99805,報表!F$2) -> 0 | G38: =SUMIFS(輸入交易記錄!$G$2:$G$99805,輸入交易記錄!$D$2:$D$99805,報表!$A38,輸入交易記錄!$B$2:$B$99805,報表!G$3,輸入交易記錄!$A$2:$A$99805,報表!G$2) -> 0 | H38: =SUMIFS(輸入交易記錄!$G$2:$G$99805,輸入交易記錄!$D$2:$D$99805,報表!$A38,輸入交易記錄!$B$2:$B$99805,報表!H$3,輸入交易記錄!$A$2:$A$99805,報表!H$2) -> 0 | I38: =SUMIFS(輸入交易記錄!$G$2:$G$99805,輸入交易記錄!$D$2:$D$99805,報表!$A38,輸入交易記錄!$B$2:$B$99805,報表!I$3,輸入交易記錄!$A$2:$A$99805,報表!I$2) -> 0 | ... M38: =SUMIFS(輸入交易記錄!$G$2:$G$99805,輸入交易記錄!$D$2:$D$99805,報表!$A38,輸入交易記錄!$B$2:$B$99805,報表!M$3,輸入交易記錄!$A$2:$A$99805,報表!M$2) -> 0 | N38: =SUM(B38:M38) -> 0
B39: =SUM(B33:B38) -> 0 | C39: =SUM(C33:C38) -> 0 | D39: =SUM(D33:D38) -> 0 | E39: =SUM(E33:E38) -> 0 | F39: =SUM(F33:F38) -> 0 | G39: =SUM(G33:G38) -> 0 | H39: =SUM(H33:H38) -> 0 | I39: =SUM(I33:I38) -> 0 | ... N39: =SUM(N33:N38) -> 0
A41: Love:
A42: Expense - Giving to Family | B42: =SUMIFS(輸入交易記錄!$G$2:$G$99805,輸入交易記錄!$D$2:$D$99805,報表!$A42,輸入交易記錄!$B$2:$B$99805,報表!B$3,輸入交易記錄!$A$2:$A$99805,報表!B$2) -> -10000 | C42: =SUMIFS(輸入交易記錄!$G$2:$G$99805,輸入交易記錄!$D$2:$D$99805,報表!$A42,輸入交易記錄!$B$2:$B$99805,報表!C$3,輸入交易記錄!$A$2:$A$99805,報表!C$2) -> -287.32 | D42: =SUMIFS(輸入交易記錄!$G$2:$G$99805,輸入交易記錄!$D$2:$D$99805,報表!$A42,輸入交易記錄!$B$2:$B$99805,報表!D$3,輸入交易記錄!$A$2:$A$99805,報表!D$2) -> -31285.37 | E42: =SUMIFS(輸入交易記錄!$G$2:$G$99805,輸入交易記錄!$D$2:$D$99805,報表!$A42,輸入交易記錄!$B$2:$B$99805,報表!E$3,輸入交易記錄!$A$2:$A$99805,報表!E$2) -> -29621.02 | F42: =SUMIFS(輸入交易記錄!$G$2:$G$99805,輸入交易記錄!$D$2:$D$99805,報表!$A42,輸入交易記錄!$B$2:$B$99805,報表!F$3,輸入交易記錄!$A$2:$A$99805,報表!F$2) -> -41157.95 | G42: =SUMIFS(輸入交易記錄!$G$2:$G$99805,輸入交易記錄!$D$2:$D$99805,報表!$A42,輸入交易記錄!$B$2:$B$99805,報表!G$3,輸入交易記錄!$A$2:$A$99805,報表!G$2) -> -68081.99 | H42: =SUMIFS(輸入交易記錄!$G$2:$G$99805,輸入交易記錄!$D$2:$D$99805,報表!$A42,輸入交易記錄!$B$2:$B$99805,報表!H$3,輸入交易記錄!$A$2:$A$99805,報表!H$2) -> -27649.77 | I42: =SUMIFS(輸入交易記錄!$G$2:$G$99805,輸入交易記錄!$D$2:$D$99805,報表!$A42,輸入交易記錄!$B$2:$B$99805,報表!I$3,輸入交易記錄!$A$2:$A$99805,報表!I$2) -> -5053.19 | ... M42: =SUMIFS(輸入交易記錄!$G$2:$G$99805,輸入交易記錄!$D$2:$D$99805,報表!$A42,輸入交易記錄!$B$2:$B$99805,報表!M$3,輸入交易記錄!$A$2:$A$99805,報表!M$2) -> -55812.08 | N42: =SUM(B42:M42) -> -281073.61
A43: Expense - Giving to Children | B43: =SUMIFS(輸入交易記錄!$G$2:$G$99805,輸入交易記錄!$D$2:$D$99805,報表!$A43,輸入交易記錄!$B$2:$B$99805,報表!B$3,輸入交易記錄!$A$2:$A$99805,報表!B$2) -> 0 | C43: =SUMIFS(輸入交易記錄!$G$2:$G$99805,輸入交易記錄!$D$2:$D$99805,報表!$A43,輸入交易記錄!$B$2:$B$99805,報表!C$3,輸入交易記錄!$A$2:$A$99805,報表!C$2) -> 0 | D43: =SUMIFS(輸入交易記錄!$G$2:$G$99805,輸入交易記錄!$D$2:$D$99805,報表!$A43,輸入交易記錄!$B$2:$B$99805,報表!D$3,輸入交易記錄!$A$2:$A$99805,報表!D$2) -> 0 | E43: =SUMIFS(輸入交易記錄!$G$2:$G$99805,輸入交易記錄!$D$2:$D$99805,報表!$A43,輸入交易記錄!$B$2:$B$99805,報表!E$3,輸入交易記錄!$A$2:$A$99805,報表!E$2) -> 0 | F43: =SUMIFS(輸入交易記錄!$G$2:$G$99805,輸入交易記錄!$D$2:$D$99805,報表!$A43,輸入交易記錄!$B$2:$B$99805,報表!F$3,輸入交易記錄!$A$2:$A$99805,報表!F$2) -> 0 | G43: =SUMIFS(輸入交易記錄!$G$2:$G$99805,輸入交易記錄!$D$2:$D$99805,報表!$A43,輸入交易記錄!$B$2:$B$99805,報表!G$3,輸入交易記錄!$A$2:$A$99805,報表!G$2) -> 0 | H43: =SUMIFS(輸入交易記錄!$G$2:$G$99805,輸入交易記錄!$D$2:$D$99805,報表!$A43,輸入交易記錄!$B$2:$B$99805,報表!H$3,輸入交易記錄!$A$2:$A$99805,報表!H$2) -> 0 | I43: =SUMIFS(輸入交易記錄!$G$2:$G$99805,輸入交易記錄!$D$2:$D$99805,報表!$A43,輸入交易記錄!$B$2:$B$99805,報表!I$3,輸入交易記錄!$A$2:$A$99805,報表!I$2) -> 0 | ... M43: =SUMIFS(輸入交易記錄!$G$2:$G$99805,輸入交易記錄!$D$2:$D$99805,報表!$A43,輸入交易記錄!$B$2:$B$99805,報表!M$3,輸入交易記錄!$A$2:$A$99805,報表!M$2) -> 0 | N43: =SUM(B43:M43) -> 0
A44: Expense - Giving to Charity | B44: =SUMIFS(輸入交易記錄!$G$2:$G$99805,輸入交易記錄!$D$2:$D$99805,報表!$A44,輸入交易記錄!$B$2:$B$99805,報表!B$3,輸入交易記錄!$A$2:$A$99805,報表!B$2) -> 0 | C44: =SUMIFS(輸入交易記錄!$G$2:$G$99805,輸入交易記錄!$D$2:$D$99805,報表!$A44,輸入交易記錄!$B$2:$B$99805,報表!C$3,輸入交易記錄!$A$2:$A$99805,報表!C$2) -> 0 | D44: =SUMIFS(輸入交易記錄!$G$2:$G$99805,輸入交易記錄!$D$2:$D$99805,報表!$A44,輸入交易記錄!$B$2:$B$99805,報表!D$3,輸入交易記錄!$A$2:$A$99805,報表!D$2) -> 0 | E44: =SUMIFS(輸入交易記錄!$G$2:$G$99805,輸入交易記錄!$D$2:$D$99805,報表!$A44,輸入交易記錄!$B$2:$B$99805,報表!E$3,輸入交易記錄!$A$2:$A$99805,報表!E$2) -> 0 | F44: =SUMIFS(輸入交易記錄!$G$2:$G$99805,輸入交易記錄!$D$2:$D$99805,報表!$A44,輸入交易記錄!$B$2:$B$99805,報表!F$3,輸入交易記錄!$A$2:$A$99805,報表!F$2) -> 0 | G44: =SUMIFS(輸入交易記錄!$G$2:$G$99805,輸入交易記錄!$D$2:$D$99805,報表!$A44,輸入交易記錄!$B$2:$B$99805,報表!G$3,輸入交易記錄!$A$2:$A$99805,報表!G$2) -> 0 | H44: =SUMIFS(輸入交易記錄!$G$2:$G$99805,輸入交易記錄!$D$2:$D$99805,報表!$A44,輸入交易記錄!$B$2:$B$99805,報表!H$3,輸入交易記錄!$A$2:$A$99805,報表!H$2) -> 0 | I44: =SUMIFS(輸入交易記錄!$G$2:$G$99805,輸入交易記錄!$D$2:$D$99805,報表!$A44,輸入交易記錄!$B$2:$B$99805,報表!I$3,輸入交易記錄!$A$2:$A$99805,報表!I$2) -> 0 | ... M44: =SUMIFS(輸入交易記錄!$G$2:$G$99805,輸入交易記錄!$D$2:$D$99805,報表!$A44,輸入交易記錄!$B$2:$B$99805,報表!M$3,輸入交易記錄!$A$2:$A$99805,報表!M$2) -> 0 | N44: =SUM(B44:M44) -> 0
B45: =SUM(B42:B44) -> -10000 | C45: =SUM(C42:C44) -> -287.32 | D45: =SUM(D42:D44) -> -31285.37 | E45: =SUM(E42:E44) -> -29621.02 | F45: =SUM(F42:F44) -> -41157.95 | G45: =SUM(G42:G44) -> -68081.99 | H45: =SUM(H42:H44) -> -27649.77 | I45: =SUM(I42:I44) -> -5053.19 | ... N45: =SUM(N42:N44) -> -281073.61
A47: Financial and Taxation:
A48: Expense - Interest Expense | B48: =SUMIFS(輸入交易記錄!$G$2:$G$99805,輸入交易記錄!$D$2:$D$99805,報表!$A48,輸入交易記錄!$B$2:$B$99805,報表!B$3,輸入交易記錄!$A$2:$A$99805,報表!B$2) -> 0 | C48: =SUMIFS(輸入交易記錄!$G$2:$G$99805,輸入交易記錄!$D$2:$D$99805,報表!$A48,輸入交易記錄!$B$2:$B$99805,報表!C$3,輸入交易記錄!$A$2:$A$99805,報表!C$2) -> 0 | D48: =SUMIFS(輸入交易記錄!$G$2:$G$99805,輸入交易記錄!$D$2:$D$99805,報表!$A48,輸入交易記錄!$B$2:$B$99805,報表!D$3,輸入交易記錄!$A$2:$A$99805,報表!D$2) -> 0 | E48: =SUMIFS(輸入交易記錄!$G$2:$G$99805,輸入交易記錄!$D$2:$D$99805,報表!$A48,輸入交易記錄!$B$2:$B$99805,報表!E$3,輸入交易記錄!$A$2:$A$99805,報表!E$2) -> 0 | F48: =SUMIFS(輸入交易記錄!$G$2:$G$99805,輸入交易記錄!$D$2:$D$99805,報表!$A48,輸入交易記錄!$B$2:$B$99805,報表!F$3,輸入交易記錄!$A$2:$A$99805,報表!F$2) -> 0 | G48: =SUMIFS(輸入交易記錄!$G$2:$G$99805,輸入交易記錄!$D$2:$D$99805,報表!$A48,輸入交易記錄!$B$2:$B$99805,報表!G$3,輸入交易記錄!$A$2:$A$99805,報表!G$2) -> 0 | H48: =SUMIFS(輸入交易記錄!$G$2:$G$99805,輸入交易記錄!$D$2:$D$99805,報表!$A48,輸入交易記錄!$B$2:$B$99805,報表!H$3,輸入交易記錄!$A$2:$A$99805,報表!H$2) -> 0 | I48: =SUMIFS(輸入交易記錄!$G$2:$G$99805,輸入交易記錄!$D$2:$D$99805,報表!$A48,輸入交易記錄!$B$2:$B$99805,報表!I$3,輸入交易記錄!$A$2:$A$99805,報表!I$2) -> 0 | ... M48: =SUMIFS(輸入交易記錄!$G$2:$G$99805,輸入交易記錄!$D$2:$D$99805,報表!$A48,輸入交易記錄!$B$2:$B$99805,報表!M$3,輸入交易記錄!$A$2:$A$99805,報表!M$2) -> 0 | N48: =SUM(B48:M48) -> 0
A49: Expense - Taxation | B49: =SUMIFS(輸入交易記錄!$G$2:$G$99805,輸入交易記錄!$D$2:$D$99805,報表!$A49,輸入交易記錄!$B$2:$B$99805,報表!B$3,輸入交易記錄!$A$2:$A$99805,報表!B$2) -> 0 | C49: =SUMIFS(輸入交易記錄!$G$2:$G$99805,輸入交易記錄!$D$2:$D$99805,報表!$A49,輸入交易記錄!$B$2:$B$99805,報表!C$3,輸入交易記錄!$A$2:$A$99805,報表!C$2) -> 0 | D49: =SUMIFS(輸入交易記錄!$G$2:$G$99805,輸入交易記錄!$D$2:$D$99805,報表!$A49,輸入交易記錄!$B$2:$B$99805,報表!D$3,輸入交易記錄!$A$2:$A$99805,報表!D$2) -> 0 | E49: =SUMIFS(輸入交易記錄!$G$2:$G$99805,輸入交易記錄!$D$2:$D$99805,報表!$A49,輸入交易記錄!$B$2:$B$99805,報表!E$3,輸入交易記錄!$A$2:$A$99805,報表!E$2) -> 0 | F49: =SUMIFS(輸入交易記錄!$G$2:$G$99805,輸入交易記錄!$D$2:$D$99805,報表!$A49,輸入交易記錄!$B$2:$B$99805,報表!F$3,輸入交易記錄!$A$2:$A$99805,報表!F$2) -> 0 | G49: =SUMIFS(輸入交易記錄!$G$2:$G$99805,輸入交易記錄!$D$2:$D$99805,報表!$A49,輸入交易記錄!$B$2:$B$99805,報表!G$3,輸入交易記錄!$A$2:$A$99805,報表!G$2) -> 0 | H49: =SUMIFS(輸入交易記錄!$G$2:$G$99805,輸入交易記錄!$D$2:$D$99805,報表!$A49,輸入交易記錄!$B$2:$B$99805,報表!H$3,輸入交易記錄!$A$2:$A$99805,報表!H$2) -> 0 | I49: =SUMIFS(輸入交易記錄!$G$2:$G$99805,輸入交易記錄!$D$2:$D$99805,報表!$A49,輸入交易記錄!$B$2:$B$99805,報表!I$3,輸入交易記錄!$A$2:$A$99805,報表!I$2) -> 0 | ... M49: =SUMIFS(輸入交易記錄!$G$2:$G$99805,輸入交易記錄!$D$2:$D$99805,報表!$A49,輸入交易記錄!$B$2:$B$99805,報表!M$3,輸入交易記錄!$A$2:$A$99805,報表!M$2) -> 0 | N49: =SUM(B49:M49) -> 0
B50: =SUM(B48:B49) -> 0 | C50: =SUM(C48:C49) -> 0 | D50: =SUM(D48:D49) -> 0 | E50: =SUM(E48:E49) -> 0 | F50: =SUM(F48:F49) -> 0 | G50: =SUM(G48:G49) -> 0 | H50: =SUM(H48:H49) -> 0 | I50: =SUM(I48:I49) -> 0 | ... N50: =SUM(N48:N49) -> 0
A52: Total Expense | B52: =B22+B30+B39+B45+B50 -> -41678 | C52: =C22+C30+C39+C45+C50 -> -110197.22 | D52: =D22+D30+D39+D45+D50 -> -262059.75 | E52: =E22+E30+E39+E45+E50 -> -267522.87 | F52: =F22+F30+F39+F45+F50 -> -404065.75 | G52: =G22+G30+G39+G45+G50 -> -229030.25 | H52: =H22+H30+H39+H45+H50 -> -211418.23 | I52: =I22+I30+I39+I45+I50 -> -204553.73 | ... N52: =N22+N30+N39+N45+N50 -> -2515423.2
A54: Total Surplus/(Deficit) | B54: =B13+B52 -> 46322 | C54: =C13+C52 -> 84626.13 | D54: =D13+D52 -> -155467.9 | E54: =E13+E52 -> -177226.58 | F54: =F13+F52 -> -273621.44 | G54: =G13+G52 -> -177165.36 | H54: =H13+H52 -> -179933.68 | I54: =I13+I52 -> -107411.18 | ... M54: =M13+M52 -> -158544.93 | N54: =SUM(B54:M54) -> -1405820.5
A56: Durable Items:
A57: Property | B57: =SUMIFS(輸入交易記錄!$G$2:$G$99805,輸入交易記錄!$D$2:$D$99805,報表!$A57,輸入交易記錄!$B$2:$B$99805,報表!B$3,輸入交易記錄!$A$2:$A$99805,報表!B$2) -> 0 | C57: =SUMIFS(輸入交易記錄!$G$2:$G$99805,輸入交易記錄!$D$2:$D$99805,報表!$A57,輸入交易記錄!$B$2:$B$99805,報表!C$3,輸入交易記錄!$A$2:$A$99805,報表!C$2) -> 0 | D57: =SUMIFS(輸入交易記錄!$G$2:$G$99805,輸入交易記錄!$D$2:$D$99805,報表!$A57,輸入交易記錄!$B$2:$B$99805,報表!D$3,輸入交易記錄!$A$2:$A$99805,報表!D$2) -> 0 | E57: =SUMIFS(輸入交易記錄!$G$2:$G$99805,輸入交易記錄!$D$2:$D$99805,報表!$A57,輸入交易記錄!$B$2:$B$99805,報表!E$3,輸入交易記錄!$A$2:$A$99805,報表!E$2) -> 0 | F57: =SUMIFS(輸入交易記錄!$G$2:$G$99805,輸入交易記錄!$D$2:$D$99805,報表!$A57,輸入交易記錄!$B$2:$B$99805,報表!F$3,輸入交易記錄!$A$2:$A$99805,報表!F$2) -> 0 | G57: =SUMIFS(輸入交易記錄!$G$2:$G$99805,輸入交易記錄!$D$2:$D$99805,報表!$A57,輸入交易記錄!$B$2:$B$99805,報表!G$3,輸入交易記錄!$A$2:$A$99805,報表!G$2) -> 0 | H57: =SUMIFS(輸入交易記錄!$G$2:$G$99805,輸入交易記錄!$D$2:$D$99805,報表!$A57,輸入交易記錄!$B$2:$B$99805,報表!H$3,輸入交易記錄!$A$2:$A$99805,報表!H$2) -> 0 | I57: =SUMIFS(輸入交易記錄!$G$2:$G$99805,輸入交易記錄!$D$2:$D$99805,報表!$A57,輸入交易記錄!$B$2:$B$99805,報表!I$3,輸入交易記錄!$A$2:$A$99805,報表!I$2) -> 0 | ... M57: =SUMIFS(輸入交易記錄!$G$2:$G$99805,輸入交易記錄!$D$2:$D$99805,報表!$A57,輸入交易記錄!$B$2:$B$99805,報表!M$3,輸入交易記錄!$A$2:$A$99805,報表!M$2) -> 0 | N57: =SUM(B57:M57) -> 0
A58: Motor Vehicle | B58: =SUMIFS(輸入交易記錄!$G$2:$G$99805,輸入交易記錄!$D$2:$D$99805,報表!$A58,輸入交易記錄!$B$2:$B$99805,報表!B$3,輸入交易記錄!$A$2:$A$99805,報表!B$2) -> 0 | C58: =SUMIFS(輸入交易記錄!$G$2:$G$99805,輸入交易記錄!$D$2:$D$99805,報表!$A58,輸入交易記錄!$B$2:$B$99805,報表!C$3,輸入交易記錄!$A$2:$A$99805,報表!C$2) -> 0 | D58: =SUMIFS(輸入交易記錄!$G$2:$G$99805,輸入交易記錄!$D$2:$D$99805,報表!$A58,輸入交易記錄!$B$2:$B$99805,報表!D$3,輸入交易記錄!$A$2:$A$99805,報表!D$2) -> 0 | E58: =SUMIFS(輸入交易記錄!$G$2:$G$99805,輸入交易記錄!$D$2:$D$99805,報表!$A58,輸入交易記錄!$B$2:$B$99805,報表!E$3,輸入交易記錄!$A$2:$A$99805,報表!E$2) -> 0 | F58: =SUMIFS(輸入交易記錄!$G$2:$G$99805,輸入交易記錄!$D$2:$D$99805,報表!$A58,輸入交易記錄!$B$2:$B$99805,報表!F$3,輸入交易記錄!$A$2:$A$99805,報表!F$2) -> 0 | G58: =SUMIFS(輸入交易記錄!$G$2:$G$99805,輸入交易記錄!$D$2:$D$99805,報表!$A58,輸入交易記錄!$B$2:$B$99805,報表!G$3,輸入交易記錄!$A$2:$A$99805,報表!G$2) -> 0 | H58: =SUMIFS(輸入交易記錄!$G$2:$G$99805,輸入交易記錄!$D$2:$D$99805,報表!$A58,輸入交易記錄!$B$2:$B$99805,報表!H$3,輸入交易記錄!$A$2:$A$99805,報表!H$2) -> 0 | I58: =SUMIFS(輸入交易記錄!$G$2:$G$99805,輸入交易記錄!$D$2:$D$99805,報表!$A58,輸入交易記錄!$B$2:$B$99805,報表!I$3,輸入交易記錄!$A$2:$A$99805,報表!I$2) -> 0 | ... M58: =SUMIFS(輸入交易記錄!$G$2:$G$99805,輸入交易記錄!$D$2:$D$99805,報表!$A58,輸入交易記錄!$B$2:$B$99805,報表!M$3,輸入交易記錄!$A$2:$A$99805,報表!M$2) -> 0 | N58: =SUM(B58:M58) -> 0
A59: Equipment | B59: =SUMIFS(輸入交易記錄!$G$2:$G$99805,輸入交易記錄!$D$2:$D$99805,報表!$A59,輸入交易記錄!$B$2:$B$99805,報表!B$3,輸入交易記錄!$A$2:$A$99805,報表!B$2) -> 0 | C59: =SUMIFS(輸入交易記錄!$G$2:$G$99805,輸入交易記錄!$D$2:$D$99805,報表!$A59,輸入交易記錄!$B$2:$B$99805,報表!C$3,輸入交易記錄!$A$2:$A$99805,報表!C$2) -> 0 | D59: =SUMIFS(輸入交易記錄!$G$2:$G$99805,輸入交易記錄!$D$2:$D$99805,報表!$A59,輸入交易記錄!$B$2:$B$99805,報表!D$3,輸入交易記錄!$A$2:$A$99805,報表!D$2) -> 0 | E59: =SUMIFS(輸入交易記錄!$G$2:$G$99805,輸入交易記錄!$D$2:$D$99805,報表!$A59,輸入交易記錄!$B$2:$B$99805,報表!E$3,輸入交易記錄!$A$2:$A$99805,報表!E$2) -> 0 | F59: =SUMIFS(輸入交易記錄!$G$2:$G$99805,輸入交易記錄!$D$2:$D$99805,報表!$A59,輸入交易記錄!$B$2:$B$99805,報表!F$3,輸入交易記錄!$A$2:$A$99805,報表!F$2) -> 0 | G59: =SUMIFS(輸入交易記錄!$G$2:$G$99805,輸入交易記錄!$D$2:$D$99805,報表!$A59,輸入交易記錄!$B$2:$B$99805,報表!G$3,輸入交易記錄!$A$2:$A$99805,報表!G$2) -> 0 | H59: =SUMIFS(輸入交易記錄!$G$2:$G$99805,輸入交易記錄!$D$2:$D$99805,報表!$A59,輸入交易記錄!$B$2:$B$99805,報表!H$3,輸入交易記錄!$A$2:$A$99805,報表!H$2) -> 0 | I59: =SUMIFS(輸入交易記錄!$G$2:$G$99805,輸入交易記錄!$D$2:$D$99805,報表!$A59,輸入交易記錄!$B$2:$B$99805,報表!I$3,輸入交易記錄!$A$2:$A$99805,報表!I$2) -> 0 | ... M59: =SUMIFS(輸入交易記錄!$G$2:$G$99805,輸入交易記錄!$D$2:$D$99805,報表!$A59,輸入交易記錄!$B$2:$B$99805,報表!M$3,輸入交易記錄!$A$2:$A$99805,報表!M$2) -> 0 | N59: =SUM(B59:M59) -> 0
A60: Furniture | B60: =SUMIFS(輸入交易記錄!$G$2:$G$99805,輸入交易記錄!$D$2:$D$99805,報表!$A60,輸入交易記錄!$B$2:$B$99805,報表!B$3,輸入交易記錄!$A$2:$A$99805,報表!B$2) -> 0 | C60: =SUMIFS(輸入交易記錄!$G$2:$G$99805,輸入交易記錄!$D$2:$D$99805,報表!$A60,輸入交易記錄!$B$2:$B$99805,報表!C$3,輸入交易記錄!$A$2:$A$99805,報表!C$2) -> 0 | D60: =SUMIFS(輸入交易記錄!$G$2:$G$99805,輸入交易記錄!$D$2:$D$99805,報表!$A60,輸入交易記錄!$B$2:$B$99805,報表!D$3,輸入交易記錄!$A$2:$A$99805,報表!D$2) -> 0 | E60: =SUMIFS(輸入交易記錄!$G$2:$G$99805,輸入交易記錄!$D$2:$D$99805,報表!$A60,輸入交易記錄!$B$2:$B$99805,報表!E$3,輸入交易記錄!$A$2:$A$99805,報表!E$2) -> 0 | F60: =SUMIFS(輸入交易記錄!$G$2:$G$99805,輸入交易記錄!$D$2:$D$99805,報表!$A60,輸入交易記錄!$B$2:$B$99805,報表!F$3,輸入交易記錄!$A$2:$A$99805,報表!F$2) -> 0 | G60: =SUMIFS(輸入交易記錄!$G$2:$G$99805,輸入交易記錄!$D$2:$D$99805,報表!$A60,輸入交易記錄!$B$2:$B$99805,報表!G$3,輸入交易記錄!$A$2:$A$99805,報表!G$2) -> 0 | H60: =SUMIFS(輸入交易記錄!$G$2:$G$99805,輸入交易記錄!$D$2:$D$99805,報表!$A60,輸入交易記錄!$B$2:$B$99805,報表!H$3,輸入交易記錄!$A$2:$A$99805,報表!H$2) -> 0 | I60: =SUMIFS(輸入交易記錄!$G$2:$G$99805,輸入交易記錄!$D$2:$D$99805,報表!$A60,輸入交易記錄!$B$2:$B$99805,報表!I$3,輸入交易記錄!$A$2:$A$99805,報表!I$2) -> 0 | ... M60: =SUMIFS(輸入交易記錄!$G$2:$G$99805,輸入交易記錄!$D$2:$D$99805,報表!$A60,輸入交易記錄!$B$2:$B$99805,報表!M$3,輸入交易記錄!$A$2:$A$99805,報表!M$2) -> 0 | N60: =SUM(B60:M60) -> 0
A61: Leasehold Improvement | B61: =SUMIFS(輸入交易記錄!$G$2:$G$99805,輸入交易記錄!$D$2:$D$99805,報表!$A61,輸入交易記錄!$B$2:$B$99805,報表!B$3,輸入交易記錄!$A$2:$A$99805,報表!B$2) -> 0 | C61: =SUMIFS(輸入交易記錄!$G$2:$G$99805,輸入交易記錄!$D$2:$D$99805,報表!$A61,輸入交易記錄!$B$2:$B$99805,報表!C$3,輸入交易記錄!$A$2:$A$99805,報表!C$2) -> 0 | D61: =SUMIFS(輸入交易記錄!$G$2:$G$99805,輸入交易記錄!$D$2:$D$99805,報表!$A61,輸入交易記錄!$B$2:$B$99805,報表!D$3,輸入交易記錄!$A$2:$A$99805,報表!D$2) -> 0 | E61: =SUMIFS(輸入交易記錄!$G$2:$G$99805,輸入交易記錄!$D$2:$D$99805,報表!$A61,輸入交易記錄!$B$2:$B$99805,報表!E$3,輸入交易記錄!$A$2:$A$99805,報表!E$2) -> 0 | F61: =SUMIFS(輸入交易記錄!$G$2:$G$99805,輸入交易記錄!$D$2:$D$99805,報表!$A61,輸入交易記錄!$B$2:$B$99805,報表!F$3,輸入交易記錄!$A$2:$A$99805,報表!F$2) -> 0 | G61: =SUMIFS(輸入交易記錄!$G$2:$G$99805,輸入交易記錄!$D$2:$D$99805,報表!$A61,輸入交易記錄!$B$2:$B$99805,報表!G$3,輸入交易記錄!$A$2:$A$99805,報表!G$2) -> 0 | H61: =SUMIFS(輸入交易記錄!$G$2:$G$99805,輸入交易記錄!$D$2:$D$99805,報表!$A61,輸入交易記錄!$B$2:$B$99805,報表!H$3,輸入交易記錄!$A$2:$A$99805,報表!H$2) -> 0 | I61: =SUMIFS(輸入交易記錄!$G$2:$G$99805,輸入交易記錄!$D$2:$D$99805,報表!$A61,輸入交易記錄!$B$2:$B$99805,報表!I$3,輸入交易記錄!$A$2:$A$99805,報表!I$2) -> 0 | ... M61: =SUMIFS(輸入交易記錄!$G$2:$G$99805,輸入交易記錄!$D$2:$D$99805,報表!$A61,輸入交易記錄!$B$2:$B$99805,報表!M$3,輸入交易記錄!$A$2:$A$99805,報表!M$2) -> 0 | N61: =SUM(B61:M61) -> 0
B62: =SUM(B57:B61) -> 0 | C62: =SUM(C57:C61) -> 0 | D62: =SUM(D57:D61) -> 0 | E62: =SUM(E57:E61) -> 0 | F62: =SUM(F57:F61) -> 0 | G62: =SUM(G57:G61) -> 0 | H62: =SUM(H57:H61) -> 0 | I62: =SUM(I57:I61) -> 0 | ... N62: =SUM(N57:N61) -> 0

Sheet 輸入交易記錄
A1: Year | B1: Month | C1: Date | D1: Catagories | E1: Amount LC | F1: FX | G1: Amount | H1: Description
A2: 2026 | B2: January | C2: 1 | D2: Expense - Transportation | G2: -25.7 | H2: Private Car Rental
A3: 2026 | B3: January | C3: 1 | D3: Expense - Food | G3: -22 | H3: Breakfast - McDonald
A4: 2026 | B4: January | C4: 1 | D4: Expense - Food | G4: -110 | H4: Lunch - Ramen
A5: 2026 | B5: January | C5: 1 | D5: Expense - Food | G5: -60 | H5: Dinner - This This Rice
A6: 2026 | B6: January | C6: 1 | D6: Expense - Transportation | G6: -25.7 | H6: Private Car Rental
A7: 2026 | B7: January | C7: 1 | D7: Expense - Housing | G7: -24000 | H7: Rental
A8: 2026 | B8: January | C8: 2 | D8: Expense - Transportation | G8: -25.7 | H8: Private Car Rental
A9: 2026 | B9: January | C9: 2 | D9: Expense - Food | G9: -22 | H9: Breakfast - McDonald
A10: 2026 | B10: January | C10: 2 | D10: Expense - Food | G10: -56 | H10: Lunch - Fast Food
A11: 2026 | B11: January | C11: 2 | D11: Expense - Food | G11: -80 | H11: Dinner - Hot Pot
A12: 2026 | B12: January | C12: 2 | D12: Expense - Transportation | G12: -25.7 | H12: Private Car Rental
A13: 2026 | B13: January | C13: 3 | D13: Expense - Transportation | G13: -25.7 | H13: Private Car Rental
... A306: 2026 | B306: December | C306: 6 | D306: Expense - Giving to Family | G306: -2881.19 | H306: Giving to parents

Sheet 下拉式選單列表
C1: January | E1: 1 | G1: Income - Salary
A2: 2024 | C2: February | E2: 2 | G2: Income - Dividend
A3: 2025 | C3: March | E3: 3 | G3: Income - Disposal Gain
A4: 2026 | C4: April | E4: 4 | G4: Income - Interest Income
A5: 2027 | C5: May | E5: 5 | G5: Income - Insurance Claim
A6: 2028 | C6: June | E6: 6 | G6: Income - Government Grant and Subsidy
A7: 2029 | C7: July | E7: 7 | G7: Income - Professional Service
A8: 2030 | C8: August | E8: 8 | G8: Income - Stable Management
A9: 2031 | C9: September | E9: 9 | G9: Expense - Cloth
A10: 2032 | C10: October | E10: 10 | G10: Expense - Food
A11: 2033 | C11: November | E11: 11 | G11: Expense - Housing
A12: 2034 | C12: December | E12: 12 | G12: Expense - Transportation
A13: 2035 | E13: 13 | G13: Expense - Telecom
A14: 2036 | E14: 14 | G14: Expense - Education
A15: 2037 | E15: 15 | G15: Expense - Entertainment
A16: 2038 | E16: 16 | G16: Expense - Repair & Maintenance
A17: 2039 | E17: 17 | G17: Expense - Insurance
A18: 2040 | E18: 18 | G18: Expense - Medical
A19: 2041 | E19: 19 | G19: Expense - Subscription
A20: 2042 | E20: 20 | G20: Expense - Luxury
E21: 21 | G21: Expense - Beauty
E22: 22 | G22: Expense - Travel
E23: 23 | G23: Expense - Maids
E24: 24 | G24: Expense - Children Expense
E25: 25 | G25: Expense - Giving to Family
E26: 26 | G26: Expense - Giving to Children
E27: 27 | G27: Expense - Giving to Charity
E28: 28 | G28: Expense - Interest Expense
E29: 29 | G29: Expense - Taxation
E30: 30 | G30: CAPEX - Property
E31: 31 | G31: CAPEX - Motor Vehicle
G32: CAPEX - Equipment
G33: CAPEX - Furniture
G34: CAPEX - Leasehold Improvement
